 Dungeon Crawl Stone Soup version 0.14-a0-2950-gbe29d66 (webtiles) character file.

261 Kae the Sneak (level 4, -4/21 HPs)
             Began as a Spriggan Enchanter on Mar 4, 2014.
             Slain by Grinder (6 damage)
             ... on Level 3 of the Dungeon.
             The game lasted 00:03:05 (3102 turns).

Kae the Sneak (Spriggan Enchanter)                  Turns: 3102, Time: 00:03:05

HP  -4/21        AC  4     Str  5      XL: 4   Next: 80%
MP   1/13        EV 18     Int 16      God:
Gold 138         SH  0     Dex 16      Spells:  3 memorised,  3 levels left

rFire  . . .     SeeInvis +     a - +1 dagger
rCold  . . .     Clarity  .     b - +1 robe
rNeg   . . .     Conserve .     (shield restricted)
rPois  .         rCorr    .     (helmet restricted)
rElec  .         rRot     .     j - +0 cloak
SustAb . .       Spirit   .     (gloves unavailable)
rMut   .         Warding  .     (boots unavailable)
Saprov . . .     Stasis   .     (no amulet)
MR     .....                    (no ring)
                                (no ring)

@: very slightly contaminated, very quick, not resistant to hostile
enchantments, quite stealthy
A: unfitting armour, see invisible, herbivore 3, speed 3, slow metabolism 2
a: no special abilities


You were on level 3 of the Dungeon.
You were full.

You visited 1 branch of the dungeon, and saw 3 of its levels.

You collected 138 gold pieces.

Inventory:

Hand weapons
 a - a +1,+1 dagger (weapon)
Missiles
 d - 10 darts (quivered)
 e - 4 exploding darts
Armour
 b - a +1 robe (worn)
 j - a +0 cloak (worn)
Comestibles
 k - 2 chokos
 r - 2 bread rations
 t - an apricot
Scrolls
 f - 3 scrolls of teleportation {unknown}
 g - 3 scrolls of remove curse {unknown}
 i - 3 scrolls of identify {unknown}
 m - a scroll of enchant weapon I {unknown}
 n - a scroll of immolation {unknown}
 o - a scroll of fear {unknown}
 q - 2 scrolls of magic mapping {unknown}
Jewellery
 l - an uncursed ring of poison resistance {unknown}
 u - an uncursed amulet of inaccuracy {unknown}
Potions
 h - 2 potions of heal wounds {unknown}
 p - 2 potions of resistance {unknown}
 s - a potion of curing {unknown}
Books
 c - a book of Maledictions

   Spells                             Type                      Level
   *Corona                            Hexes                        1
   Sure Blade                         Hexes/Charms                 2
   *Ensorcelled Hibernation           Hexes/Ice                    2
   *Confuse                           Hexes                        3
   Enslavement                        Hexes                        4
   Invisibility                       Hexes                        6


   Skills:
 * Level 3.1 Short Blades
 - Level 1.1 Throwing
 - Level 3.0 Dodging
 * Level 5.0 Stealth
 + Level 3.2 Spellcasting
 + Level 4.4 Hexes


You had 3 spell levels left.
You knew the following spells:

 Your Spells              Type           Power        Failure   Level  Hunger
a - Corona                Hex            ###....      3%          1    None
b - Ensorcelled Hibernat  Hex/Ice        #.....       12%         2    ##.....
c - Confuse               Hex            ###.....     12%         3    ###....


Dungeon Overview and Level Annotations

Branches:
Dungeon (3/16)

Altars:

Annotations:
D:3 Grinder


Innate Abilities, Weirdness & Mutations

You are tiny and cannot use many weapons and most armour.
You have supernaturally acute eyesight.
You are a herbivore.
You cover ground extremely quickly.
You need consume almost no food.


Message History

Press: ? - help, Shift-Dir - straight line, f/p - Grinder
Aim: Grinder Grinder resists.
Casting: Confuse
Confirm with . or Enter, or press ? or * to list all spells.
Aiming: Confuse
Press: ? - help, Shift-Dir - straight line, f/p - Grinder
Aim: Grinder You miscast Confuse.
You are very lightly contaminated with residual magic.
Waves of light ripple over your body. Grinder misses you.
Casting: Confuse
Confirm with . or Enter, or press ? or * to list all spells.
Aiming: Confuse
Press: ? - help, Shift-Dir - straight line, f/p - Grinder
Aim: Grinder Grinder resists.
Grinder hits you.
* * * LOW HITPOINT WARNING * * *
You writhe in agony.
You die...

........... ..........
##.#......
########.#......
#.....##.#...... ###
#.###)##''......
....###
#.##............
#.....##.##.......^....
#.....@..##............
#....5#####............
+..... #............
#..... #....%..###..
#..... #.......# ###
#..... #.......# .....
#.......# ....
#.......# . #.......#


You could see Grinder.

Vanquished Creatures
  Ijyb (D:3)
  3 adders (D:2)
  7 giant geckos
  An ooze (D:2)
  3 ball pythons
  A bat skeleton (D:2)
  A bat zombie (D:2)
  2 giant cockroaches
  6 hobgoblins
  3 jackals (D:2)
  A quokka (D:2)
  A ball python skeleton (D:2)
  4 bats
  A giant gecko skeleton (D:2)
  16 giant newts
  A giant newt skeleton (D:2)
  7 goblins
  2 hobgoblin skeletons (D:2)
  8 kobolds
  A kobold skeleton (D:2)
  6 rats
  2 rat skeletons (D:2)
  2 rat zombies (D:2)
80 creatures vanquished.

Notes
Turn   | Place    | Note
--------------------------------------------------------------
     0 | D:1      | Kae, the Spriggan Enchanter, began the quest for the Orb.
     0 | D:1      | Reached XP level 1. HP: 9/9 MP: 4/4
   621 | D:1      | Reached XP level 2. HP: 2/13 MP: 3/7
   912 | D:2      | Learned a level 2 spell: Ensorcelled Hibernation
  1061 | D:2      | Reached skill level 4 in Stealth
  1244 | D:2      | Reached XP level 3. HP: 7/16 MP: 0/9
  1848 | D:2      | Learned a level 3 spell: Confuse
  2051 | D:2      | Reached XP level 4. HP: 21/21 MP: 11/13
  2644 | D:3      | Noticed Ijyb
  2656 | D:3      | Killed Ijyb
  2656 | D:3      | Reached skill level 5 in Stealth
  3097 | D:3      | Noticed Grinder
  3102 | D:3      | Slain by Grinder

Action                   |  1- 3 |  4- 6 || total
-------------------------+-------+-------++-------
Melee: Dagger            |   232 |    90 ||   322
Throw: Dart              |     2 |       ||     2
 Cast: Corona            |     2 |       ||     2
       Ensorcelled Hiber |     5 |     2 ||     7
       Confuse           |       |     3 ||     3
  Use: Potion            |       |     1 ||     1
 Stab: Sleeping          |    11 |     8 ||    19
